 Dungeon Sprint DCSS version 0.30-a0-719-gcc4359ea44 (webtiles) character file.

Game seed: 10790979494813209358

1458 CrazyBamboolord the Basher (level 8, -5/57 HPs)
             Began as a Gargoyle Fighter on Jan 26, 2023.
             Was a Believer of Okawaru.
             Shot with an arrow by a centaur warrior (20 damage)
             ... in the Dungeon (Sprint IX: "|||||||||||||||||||||||||||||").
             The game lasted 00:02:49 (304 turns).

CrazyBamboolord the Basher (Gargoyle Fighter)        Turns: 304, Time: 00:02:50

Health: -5/57      AC: 18    Str: 25    XL:     8   Next: 76%
Magic:  7/8        EV: 10    Int:  9    God:    Okawaru [**....]
Gold:   0          SH:  5    Dex:  9    Spells: 7/7 levels left

rFire   . . .      SeeInvis .    n - +2 morningstar (heavy)
rCold   . . .      Faith    .    c - +0 buckler
rNeg    + . .      Spirit   .    a - +1 chain mail
rPois   ∞          Reflect  .    (no helmet)
rElec   +          Harm     .    (no cloak)
rCorr   .          Rampage  .    (no gloves)
Will    .....      NoTele   +    (no boots) Stlth
                                 (no amulet)
HPRegen 0.29/turn                o - +3 ring of strength
MPRegen 0.11/turn                p - +2 ring of evasion

@: no status effects
A: sickness immunity, AC +5, negative energy resistance 1, electricity
resistance, torment resistance 1, petrification resistance
a: Renounce Religion, Heroism


You were in the Dungeon.
You worshipped Okawaru.
Okawaru was pleased with you.
You visited 1 branch

Inventory:

Hand Weapons
 n - a +2 heavy morningstar (weapon)
Armour
 a - a +1 chain mail (worn)
 c - a +0 buckler (worn)
Jewellery
 o - a +3 ring of strength (left hand)
 p - a +2 ring of evasion (right hand)
Wands
 m - a wand of acid (7) (quivered)
Scrolls
 j - a scroll of blinking
 l - 2 scrolls of amnesia
Potions
 d - a potion of might
 e - 5 potions of curing
 f - a potion of invisibility
 g - a potion of haste
 h - 4 potions of magic
 i - a potion of berserk rage


   Skills:
 * Level 9.8 Fighting
 * Level 12.8 Maces & Flails
 * Level 9.8 Armour
 * Level 9.0 Shields
 + Level 0.4 Invocations
 + Level 1.2 Evocations


You had 7 spell levels left.
You didn't know any spells.
Your spell library was empty.

Dungeon Overview and Level Annotations

Branches:
Dungeon (1/1)

Altars:
Cheibriados
Dithmenos
Elyvilon
Fedhas
Gozag
Hepliaklqana
Kikubaaqudgha
Makhleb
Nemelex Xobeh
Okawaru
Qazlal
Ru
Sif Muna
Trog
Uskayaw
Vehumet
Wu Jian
Xom
Yredelemnul
Zin
The Shining One
Jiyva
Lugonu


Innate Abilities, Weirdness & Mutations

You are immune to sickness and miasma.
Your stone body is resilient. (AC +5)
You are immune to poison.
You resist negative energy. (rN+)
You are resistant to electric shocks. (rElec)
You are resistant to unholy torment.
You are immune to petrification.


Message History

You block the vampire mosquito's attack.
Your base Maces & Flails skill increases to level 12!
You miss the vampire mosquito. The vampire mosquito barely misses you.
The deep elf pyromancer gestures wildly while chanting.
The deep elf pyromancer blinks!
You closely miss the vampire mosquito.
The vampire mosquito closely misses you.
The deep elf pyromancer gestures wildly while chanting.
The deep elf pyromancer blinks!
The vampire mosquito bites you but does no damage.
You impale the vampire mosquito!!
You destroy the vampire mosquito!
Okawaru accepts your kill.
You closely miss the basilisk. The basilisk barely misses you.
You completely miss the basilisk. The basilisk gazes at you.
You resist with some effort.
You completely miss the basilisk. The basilisk bites you.
You closely miss the basilisk.
You feel like a meek peon again.
The basilisk bites you but does no damage.
The basilisk bites you!
You impale the basilisk!!
You kill the basilisk!
Okawaru accepts your kill.
The centaur warrior wields a +0 longbow.
The centaur warrior shoots an arrow.
The arrow barely misses you.
The deep elf pyromancer casts a spell.
The deep elf pyromancer blinks!
The centaur warrior shoots an arrow.
The arrow hits you!!
* * * LOW HITPOINT WARNING * * *
Your Shields skill increases to level 9!
You are too injured to fight recklessly!
You close the door, pushing everything out of the way.
You see here a basilisk corpse.
A centaur warrior opens the door.
As you close the door, it creaks loudly!
A centaur warrior breaks down the door.
The centaur warrior shoots an arrow.
The arrow hits you!!
You die...

▓.▓
▓[▓
▓)▓
▓.▓
▓.▓
▓.▓
▓.▓
▓.▓
▓@▓
▓'▓
▓c▓
▓l▓
▓e▓
▓.▓
▓.▓
▓.▓


You could see a centaur warrior, a deep elf pyromancer and a basilisk.

Vanquished Creatures
  A two-headed ogre (D)
  A slime creature (D)
  A basilisk (D)
  A vampire mosquito (D)
  2 orc warriors (D)
  A centaur (D)
  A necrophage (D)
  An orc priest (D)
  A gnoll bouda (D)
  2 iguanas (D)
  A white imp (D)
  An orc (D)
  A ball python (D)
  A giant cockroach (D)
  A goblin (D)
  2 frilled lizards (D)
19 creatures vanquished.

Notes
Turn   | Place    | Note
-------+----------+-------------------------------------------
     0 | D        | CrazyBamboolord the Gargoyle Fighter began the quest for
                  | the Orb.
     0 | D        | Reached XP level 1. HP: 14/14 MP: 1/1
    26 | D        | Noticed an iguana
    26 | D        | Noticed a necrophage
    26 | D        | Noticed an iguana
    30 | D        | Reached XP level 2. HP: 20/20 MP: 2/2
    45 | D        | Reached skill level 3 in Maces & Flails
    45 | D        | Reached XP level 3. HP: 24/24 MP: 3/3
    50 | D        | Killed a necrophage
    51 | D        | Reached skill level 5 in Fighting
    51 | D        | Reached skill level 5 in Maces & Flails
    51 | D        | Reached skill level 5 in Armour
    51 | D        | Reached skill level 5 in Shields
    51 | D        | Reached XP level 4. HP: 32/32 MP: 4/4
    56 | D        | Reached XP level 5. HP: 18/36 MP: 5/5
   132 | D        | Found a snail-covered altar of Cheibriados.
   132 | D        | Found a shadowy altar of Dithmenos.
   132 | D        | Found a white marble altar of Elyvilon.
   132 | D        | Found a blossoming altar of Fedhas.
   132 | D        | Found an opulent altar of Gozag.
   133 | D        | Found a hazy altar of Hepliaklqana.
   134 | D        | Found a viscous altar of Jiyva.
   135 | D        | Found an ancient bone altar of Kikubaaqudgha.
   136 | D        | Found a corrupted altar of Lugonu.
   137 | D        | Found a burning altar of Makhleb.
   138 | D        | Found a sparkling altar of Nemelex Xobeh.
   139 | D        | Found an iron altar of Okawaru.
   140 | D        | Found a stormy altar of Qazlal.
   141 | D        | Found a sacrificial altar of Ru.
   142 | D        | Found a shimmering blue altar of Sif Muna.
   143 | D        | Found a bloodstained altar of Trog.
   144 | D        | Found a hide-covered altar of Uskayaw.
   145 | D        | Found a radiant altar of Vehumet.
   146 | D        | Found an ornate altar of the Wu Jian Council.
   147 | D        | Became a worshipper of Warmaster Okawaru
   148 | D        | Found a shimmering altar of Xom.
   149 | D        | Found a basalt altar of Yredelemnul.
   150 | D        | Found a glowing silver altar of Zin.
   151 | D        | Found a glowing golden altar of the Shining One.
   192 | D        | Noticed an orc warrior
   192 | D        | Noticed a centaur
   192 | D        | Noticed a two-headed ogre
   192 | D        | Noticed an orc warrior
   198 | D        | Reached skill level 6 in Maces & Flails
   207 | D        | Killed a two-headed ogre
   207 | D        | Reached * piety under Okawaru
   208 | D        | Reached skill level 10 in Maces & Flails
   208 | D        | Reached XP level 6. HP: 31/45 MP: 6/6
   208 | D        | Reached XP level 7. HP: 34/50 MP: 7/7
   210 | D        | Reached skill level 11 in Maces & Flails
   212 | D        | Reached XP level 8. HP: 33/56 MP: 8/8
   214 | D        | Reached skill level 1 in Evocations
   291 | D        | Noticed a slime creature
   291 | D        | Noticed a centaur warrior
   291 | D        | Noticed a deep elf pyromancer
   294 | D        | Killed a slime creature
   295 | D        | Reached skill level 12 in Maces & Flails
   297 | D        | Reached ** piety under Okawaru
   304 | D        | Shot with an arrow by a centaur warrior

Illustrated notes

Levels and vault maps discovered:
D:        linesprint [early_d, line_temple, items_1, d_10, items_2, lair_1,
          lair_end, items_3, orc_1, orc_end, items_4, d_15, swamp_1, shoals_1,
          snake_1, spider_1, d_20, vaults_1, items_5, swamp_end, shoals_end,
          snake_end, spider_end, vaults_end, d_27, items_6, zot_1, zot_end,
          crypt_end, forest_end, elf_end, slime_end, tomb_end, abyss_end,
          pan_hell_end]

Skill      XL: |  1  2  3  4  5  6  7  8 |
---------------+-------------------------+-----
Fighting       | 4 5 6 8 9 |  9.8
Armour         | 4 5 6 8 9 |  9.8
Shields        | 4 5 8 9 |  9.0
Maces & Flails | 3 5 10 11 12 | 12.8
Evocations     | 1 |  1.2
Invocations    | |  0.4

Action                     |  1- 3 |  4- 6 |  7- 9 || total
---------------------------+-------+-------+-------++-------
  Melee: Flail             |    39 |     5 |       ||    44
         Morningstar       |       |     7 |    17 ||    24
 Invoke: Heroism           |       |       |     1 ||     1
  Evoke: Wand              |       |     3 |       ||     3
    Use: Potion            |     1 |     2 |       ||     3
         Scroll            |       |     1 |       ||     1
 Armour: Scale mail        |    16 |     1 |       ||    17
         Chain mail        |       |     1 |     5 ||     6
  Dodge: Dodged            |    14 |     5 |    10 ||    29
  Block: Buckler           |     9 |     2 |     1 ||    12

Table legend: (Time is in decaauts)
 A = Elapsed time spent in this place.
 B = Non-inter-level travel time spent in this place.
 C = Inter-level travel time spent in this place.
 D = Time resting spent in this place.
 E = Time spent auto-exploring this place.
 F = Levels seen in this place.
 G = Mean time per level.
                   A        B        C        D        E       F      G
               +--------+--------+--------+--------+--------+-----+--------+
         Total |    325 |    319 |      6 |    130 |     30 |   1 |  325.0 |
       Dungeon |    325 |    319 |      6 |    130 |     30 |   1 |  325.0 |
               +--------+--------+--------+--------+--------+-----+--------+

Top non-repeatable levels by time:
       D: 325 daAuts
